 Dungeon Crawl Stone Soup version 0.18-a0-1203-gbde16db (webtiles) character file.

48 Kidiri the Conjurer (level 3, -12/20 HPs)
             Began as a Deep Elf Conjurer on Jan 31, 2016.
             Mangled by an iguana (15 damage)
             ... on level 2 of the Dungeon.
             The game lasted 00:06:21 (1916 turns).

Kidiri the Conjurer (Deep Elf Conjurer)             Turns: 1916, Time: 00:06:21

Health: -12/20     AC:  6    Str:  5    XL:     3   Next: 50%
Magic:  16/19      EV: 12    Int: 20    God:
Gold:   96         SH:  0    Dex: 15    Spells: 3 memorised, 3 levels left

rFire  . . .     SeeInvis .     l - +1 dagger (speed)
rCold  . . .     Gourm    .     o - +0 leather armour
rNeg   . . .     Faith    .     (no shield)
rPois  .         Spirit   .     m - +0 hat
rElec  .         Dismiss  .     (no cloak)
rCorr  .         Reflect  .     (no gloves)
SustAt .         Harm     +     i - +2 pair of boots
MR     .....                    h - amulet of harm
Stlth  ++........               (no ring)
                                d - ring of magical power

@: not resistant to hostile enchantments, unstealthy
A: no striking features
a: no special abilities


You were on level 2 of the Dungeon.
You were not hungry.

You visited 1 branch of the dungeon, and saw 3 of its levels.

You collected 96 gold pieces.

Inventory:

Hand Weapons
 l - a +1 dagger of speed (weapon)
Armour
 a - a +0 robe
 i - a +2 pair of boots (worn)
 m - a +0 hat (worn)
 o - a +0 leather armour (worn)
Jewellery
 d - a ring of magical power (left hand)
 h - an amulet of harm (around neck)
Scrolls
 e - a scroll of recharging
 f - a scroll of identify
 g - 2 scrolls of enchant armour {unknown}
 j - a scroll of fog {unknown}
Books
 b - a book of Conjurations

   Spells                             Type                      Level
   a - Magic Dart                     Conjuration                  1
   b - Searing Ray                    Conjuration                  2
   c - Dazzling Spray                 Conjuration/Hexes            3
   d - Fulminant Prism                Conjuration/Hexes            4
   e - Iskenderun's Mystic Blast      Conjuration                  4
   f - Iskenderun's Battlesphere      Conjuration/Charms           5
Comestibles
 c - a bread ration
 n - a chunk of flesh


   Skills:
 + Level 0.8 Fighting
 + Level 0.8 Armour
 * Level 3.0 Dodging
 + Level 2.6 Stealth
 * Level 3.9 Spellcasting
 * Level 4.4 Conjurations
 + Level 0.3 Hexes


You had 3 spell levels left.
You knew the following spells:

 Your Spells              Type           Power        Failure   Level  Hunger
a - Magic Dart            Conj           ###.         4%          1    None
b - Searing Ray           Conj           ###...       8%          2    ##.....
c - Dazzling Spray        Conj/Hex       ##......     28%         3    ###....


Dungeon Overview and Level Annotations

Branches:
Dungeon (3/15)

Altars:

Annotations:
D:2 Grinder
D:3 Sigmund


Message History

Some of the chunks of flesh in your inventory have rotted away.
Grinder gestures.
Grinder blinks!
You aren't carrying any potions.
Unknown command.
Read which item? (? for menu, Esc to quit)
As you read the scroll labeled GUNGEW XAQAR, it crumbles to dust.
It is a scroll of identify.
Identify which item? (\ to view known items) (? for menu, Esc to quit)
e - a scroll of recharging
Casting: Searing Ray
Confirm with . or Enter, or press ? or * to list all spells.
Aiming: Dazzling Spray
Press: ? - help, Shift-Dir - straight line, f - iguana
Aim: an iguana The spray of energy hits the iguana.
The iguana is moderately wounded.
The iguana is dazzled.
The iguana bites you!
Ouch! That really hurt!
You die...

#...##................#
#...##....####>...#.#.#
#...##...5#########.#.#
#...##....+....)....#.####
#...##.(..###########.#...
#...##....# #.#.##
#...##....# #.....
#...##...l# ###...
#...##...@# #.#.
#...##....# #####.##
######....# ##.......
#....# #.(....#. #....#
#.####... ###### #........
###..#.## #<..... ##.#.##


You could see Grinder and an iguana (blind).

Vanquished Creatures
  An adder (D:2)
  A worm (D:3)
  A giant gecko (D:1)
  A giant cockroach (D:3)
  4 goblins
  2 hobgoblins
  2 quokkas (D:2)
  A ball python (D:2)
  9 bats
  2 giant newts (D:2)
  6 kobolds (D:2)
  7 rats
37 creatures vanquished.

Notes
Turn   | Place    | Note
--------------------------------------------------------------
     0 | D:1      | Kidiri the Deep Elf Conjurer began the quest for the Orb.
     0 | D:1      | Reached XP level 1. HP: 10/10 MP: 6/6
   469 | D:1      | Reached XP level 2. HP: 16/16 MP: 8/8
   473 | D:1      | Learned a level 2 spell: Searing Ray
   954 | D:2      | Gained mutation: Your body sometimes deteriorates upon taking damage. [potion of mutation]
   954 | D:2      | Gained mutation: You have supernaturally acute eyesight. [potion of mutation]
   954 | D:2      | Gained mutation: Your mind is acute. (Int +2) [potion of mutation]
  1276 | D:2      | Reached XP level 3. HP: 20/20 MP: 10/10
  1281 | D:2      | Learned a level 3 spell: Dazzling Spray
  1832 | D:3      | Noticed Grinder
  1853 | D:3      | Lost mutation: Your mind is acute. (Int +2) [potion of cure mutation]
  1853 | D:3      | Lost mutation: Your body sometimes deteriorates upon taking damage. [potion of cure mutation]
  1853 | D:3      | Lost mutation: You have supernaturally acute eyesight. [potion of cure mutation]
  1858 | D:2      | Paralysed by Grinder for 3 turns
  1898 | D:3      | Noticed Sigmund
  1916 | D:2      | Mangled by an iguana

Vault maps used:
D:1:      zelgadis_glass_arrival_small
D:3:      grunt_temple_overflow_open, kennysheep_vampire_church, first_bread,
          uniq_sigmund, uniq_grinder

Action                   || total
-------------------------++-------
Melee: Dagger            ||     5
 Cast: Magic Dart        ||    68
       Dazzling Spray    ||     1
       Searing Ray       ||     1
  Use: Potion            ||     4
       Scroll            ||     1
  Eat: Chunk             ||     1
       Bread ration      ||     1
